 Dungeon Crawl Stone Soup version 0.19-a0-1912-g48530cd (webtiles) character file.

1864 severenz the Grappler (level 9, -2/70 HPs)
             Began as a Ghoul Fighter on Dec 30, 2016.
             Was a Priest of Cheibriados.
             Slain by an ice beast (6 damage)
             ... on level 6 of the Dungeon.
             The game lasted 00:21:15 (6315 turns).

severenz the Grappler (Ghoul Fighter)               Turns: 6315, Time: 00:21:15

Health: -2/70      AC:  8    Str: 33    XL:     9   Next: 13%
Magic:  12/12      EV:  9    Int:  9    God:    Cheibriados [***...]
Gold:   186        SH: 10    Dex: 15    Spells: 8/8 levels left

rFire  . . .     SeeInvis .       - Unarmed
rCold  + . .     Faith    .     G - +1 scale mail {rPois}
rNeg   + + +     Spirit   .     b - +0 shield
rPois  ∞         Reflect  .     x - +0 helmet (curse)
rElec  .                        (no cloak)
rCorr  .                        (no gloves)
MR     ++...                    (no boots)
Stlth  ..........               (no amulet)
                                n - ring of protection from magic
                                y - ring of protection from magic

@: mighty, very slow
A: hp from kills, claws 1, cold resistance 1, negative energy resistance 3, slow
regeneration 2, torment resistance, unbreathing
a: Bend Time, Temporal Distortion, Renounce Religion


You were on level 6 of the Dungeon.
You worshipped Cheibriados.
Cheibriados was most pleased with you.
You were not hungry.

You visited 2 branches of the dungeon, and saw 7 of its levels.

You collected 186 gold pieces.

Inventory:

Missiles
 d - 1027 stones
 j - 155 tomahawks (quivered)
 C - 3 throwing nets
Armour
 b - a +0 shield (worn)
 e - a +1 hat
 r - a +0 buckler
 t - a cursed +0 robe
 x - a cursed +0 helmet (worn)
 G - a +1 scale mail of poison resistance (worn)
Jewellery
 k - an uncursed ring of flight
 n - a ring of protection from magic (right claw)
 y - a ring of protection from magic (left claw)
 J - an uncursed ring of fire
Wands
 I - a wand of iceblast (8/15)
Scrolls
 f - a scroll of recharging {unknown}
 g - 2 scrolls of amnesia
 m - a scroll of enchant weapon {unknown}
 o - a scroll of blinking {unknown}
 q - 2 scrolls of identify
 s - 2 scrolls of magic mapping {unknown}
 u - a scroll of noise {unknown}
 v - a scroll of fear {unknown}
 D - 3 scrolls of remove curse {unknown}
 H - a scroll of teleportation {unknown}
Potions
 a - a potion of flight {unknown}
 c - a potion of might
 h - 3 potions of brilliance {unknown}
 l - a potion of cure mutation {unknown}
 p - a potion of mutation {unknown}
 w - a potion of ambrosia {unknown}
 z - 3 potions of lignification {unknown}
 B - a potion of magic {unknown}
 E - a potion of heal wounds {unknown}
 F - a potion of agility {unknown}
Books
 A - a book of Annihilations

   Spells                             Type                      Level
   a - Poison Arrow                   Conjuration/Poison           6
   b - Chain Lightning                Conjuration/Air              8
   c - Lehudib's Crystal Spear        Conjuration/Earth            8
   d - Glaciate                       Conjuration/Ice              9
   e - Fire Storm                     Conjuration/Fire             9


   Skills:
 - Level 3.2 Fighting
 - Level 1.9 Throwing
 - Level 2.6 Armour
 - Level 2.5 Dodging
 - Level 2.6 Shields
 + Level 10.4 Unarmed Combat
 + Level 5.6 Invocations


You had 8 spell levels left.
You didn't know any spells.

Dungeon Overview and Level Annotations

Branches:
Dungeon (6/15)             Temple (1/1) D:3
   Lair: D:-1         Crypt: Vaults:-1     Tomb: Vaults:-1

Altars:
Cheibriados
Dithmenos
Elyvilon
Fedhas
Nemelex Xobeh
Qazlal
Ru
Uskayaw
Vehumet
Yredelemnul


Innate Abilities, Weirdness & Mutations

You restore health by killing enemies.
You are immune to poison.
You have sharp fingernails.
Your flesh is cold resistant. (rC+)
You are immune to negative energy. (rN+++)
You do not regenerate when monsters are visible.
You are immune to unholy pain and torment.
You can survive without breathing.


Message History

The orc throws a stone.
You mangle something (29)!!
Cheibriados thoroughly appreciates the change of pace.
You feel better.
Reactivating autopickup.
You feel a bit more experienced.
The orc throws a stone.
The stone hits you but does no damage.
The orc throws a stone.
The stone hits you but does no damage.
The orc throws a stone.
The stone hits you but does no damage.
The orc throws a stone.
The stone hits you but does no damage.
The orc throws a stone.
You block the stone.
The orc throws a stone.
You block the stone.
The orc throws a stone.
The stone barely misses you (0).
The orc throws a stone.
You block the stone.
There is a stone staircase leading up here.
Your shield prevents you from hitting the ice beast.
The ice beast hits you (3).
* * * LOW HITPOINT WARNING * * *
The ice beast freezes you (6). You resist.
You die...

### ####. .
#......#.# #. ## #.
#.##.###.# #.
#####.##.##.###.# #.
#...............# #.
####.#####..########
#.####.......##..#
#.#(......##.##..#
####.#.##.##.o......#
..o.#))...##.##Y@...#
#.Y#.#####.########
.....#.#####.#
###..#.......#
#..######### ...#
#.#.# ....# ##.###


You could see an ice beast and an orc.

Vanquished Creatures
  Edmund (D:5)
  3 orc warriors (D:6)
  3 ogres
  2 phantoms
  A centaur (D:5)
  Blork the orc (D:6)
  A howler monkey (D:6)
  A crimson imp (D:6)
  A bullfrog skeleton (D:5)
  5 hounds
  4 orc priests
  A jelly (D:5)
  A gnoll shaman (D:4)
  2 orc wizards (D:6)
  2 iguanas
  A worker ant (D:4)
  A hound zombie (D:5)
  Robin (D:3)
  9 gnolls
  11 adders
  2 howler monkey skeletons
  An adder skeleton (D:4)
  4 dart slugs
  3 leopard geckos
  11 orcs
  7 bats
  5 giant cockroaches
  13 hobgoblins
  11 jackals
  A quokka (D:4)
  A ball python (D:1)
  3 frilled lizards
  14 goblins
  2 kobolds (D:3)
  6 rats
136 creatures vanquished.

Notes
Turn   | Place    | Note
-------+----------+-------------------------------------------
     0 | D:1      | severenz the Ghoul Fighter began the quest for the Orb.
     0 | D:1      | Reached XP level 1. HP: 19/19 MP: 0/0
    77 | D:1      | Reached skill level 3 in Unarmed Combat
    77 | D:1      | Reached XP level 2. HP: 26/26 MP: 1/1
   505 | D:2      | Reached XP level 3. HP: 31/31 MP: 2/2
   525 | D:2      | Found a blossoming altar of Fedhas.
   542 | D:2      | Reached skill level 4 in Unarmed Combat
  1152 | D:2      | Reached XP level 4. HP: 38/38 MP: 3/3
  1304 | D:2      | Reached skill level 5 in Unarmed Combat
  1716 | D:3      | Noticed Robin
  1741 | D:3      | Reached XP level 5. HP: 34/45 MP: 4/4
  1776 | D:3      | Killed Robin
  2029 | D:3      | Found a radiant altar of Vehumet.
  2147 | D:3      | Found a staircase to the Ecumenical Temple.
  2157 | D:3      | Reached skill level 6 in Unarmed Combat
  2162 | Temple   | Entered the Ecumenical Temple
  2175 | Temple   | Became a worshipper of Cheibriados the Contemplative
  2657 | D:4      | Reached XP level 6. HP: 47/51 MP: 5/5
  2672 | D:4      | Reached skill level 7 in Unarmed Combat
  3204 | D:4      | Reached * piety under Cheibriados
  3316 | D:4      | Noticed a phantom
  3344 | D:4      | Killed a phantom
  3344 | D:4      | Reached skill level 1 in Throwing
  3344 | D:4      | Reached XP level 7. HP: 52/57 MP: 6/6
  3996 | D:5      | Entered Level 5 of the Dungeon
  4038 | D:5      | Reached skill level 8 in Unarmed Combat
  4081 | D:5      | Noticed Edmund
  4114 | D:5      | Killed Edmund
  4114 | D:5      | Reached skill level 1 in Invocations
  4447 | D:5      | Found a shadowy altar of Dithmenos.
  4718 | D:5      | Reached XP level 8. HP: 57/63 MP: 7/9
  4759 | D:5      | Reached skill level 9 in Unarmed Combat
  4938 | D:5      | Reached ** piety under Cheibriados
  5547 | D:6      | Reached skill level 1 in Dodging
  5825 | D:6      | HP: 3/63 [orc warrior/halberd of venom (22)]
  5830 | D:6      | HP: 3/63 [orc warrior/halberd of venom (15)]
  5832 | D:6      | HP: 1/63 [orc warrior/halberd of venom (7)]
  5837 | D:6      | Reached skill level 10 in Unarmed Combat
  6126 | D:6      | Reached skill level 5 in Invocations
  6126 | D:6      | Reached XP level 9. HP: 51/70 MP: 11/11
  6277 | D:6      | Noticed Blork the orc
  6296 | D:6      | Reached *** piety under Cheibriados
  6304 | D:6      | Killed Blork the orc
  6315 | D:6      | Slain by an ice beast

Vault maps used:
D:1:      dpeg_arrival_pits, minmay_misc_feat_columns
D:2:      lemuel_doored_altar
D:3:      lemuel_coloured_pillars_altar, uniq_robin
D:5:      nicolae_overflow_crystal_walls, first_bread, uniq_edmund
D:6:      uniq_crazy_yiuf_cottage, uniq_blork_the_orc
Temple:   compressed_dpeg_circular_temple

Skill      XL: |  1  2  3  4  5  6  7  8 |
---------------+-------------------------+-----
Unarmed Combat | 3 4 5 6 7 8 10 | 10.4
Throwing       | 1 |  1.9
Invocations    | 3 5 |  5.6
Dodging        | 2 |  2.5
Fighting       | |  3.2
Armour         | |  2.6
Shields        | |  2.6

Action                   |  1- 3 |  4- 6 |  7- 9 || total
-------------------------+-------+-------+-------++-------
Melee: Unarmed           |   123 |   182 |   210 ||   515
Throw: Tomahawk          |       |     3 |     4 ||     7
       Throwing net      |       |     2 |       ||     2
  Use: Scroll            |       |     1 |     3 ||     4
       Potion            |       |       |     9 ||     9
Armor: Scale mail        |    39 |    45 |    52 ||   136
Dodge: Dodged            |    35 |    39 |    30 ||   104
Block: Shield            |    45 |    68 |    96 ||   209
